Map: 이페머론 - 래더

Players

llllllllllll (Trap) - Winner!

  • Race: Protoss Protoss
  • League: Master
  • Spawn Location: 5:00

LiquidTaeJa (TaeJa)

  • Race: Terran Terran
  • League: Master
  • Spawn Location: 11:00

Event: HomeStory Cup XX

VOD

Have the link to the VOD?

Description

Time

  • Played on: Nov. 21, 2019, 9:27 a.m.
  • Length: 9:07

All games in this series

Show
View Real Time Build Order
Export as new Build Order

llllllllllll Protoss - Winner!

Build Orders: 1 Gate Expand, Zealot Archon, Colossus Rush 

Get SALT Encoding   

  12  0:00  Probe  
  13  0:12  Probe  
  14  0:17  Pylon  
  14  0:24  Probe  
  15  0:32  Probe  
  15  0:35  Gateway  
  15  0:40  Probe  
  16  0:45  Assimilator  
  17  0:50  Probe  
  18  1:03  Probe  
  19  1:15  Probe  
  20  1:23  Nexus  
  20  1:33  Cybernetics Core  
  20  1:36  Probe  
  21  1:43  Assimilator  
  21  1:48  Probe  
  21  1:52  Pylon  
  22  2:00  Adept, Probe  
  23  2:10  Warp Gate  
  23  2:12  Probe  
  26  2:20  Stalker  
  26  2:24  Probe  
  27  2:33  Probe  
  27  2:36  Probe  
  30  2:37  Robotics Facility  
  30  2:41  Probe  
  30  2:48  Probe  
  32  2:52  Probe  
  32  2:55  Sentry  
  35  3:01  Probe  
  35  3:04  Probe  
  37  3:13  Probe  
  37  3:16  Probe  
  37  3:17  Pylon  
  37  3:18  Observer  
  39  3:22  Gateway  
  39  3:23  Gateway  
  39  3:25  Probe  
  41  3:28  Probe  
  42  3:36  Observer, Probe  
  42  3:37  Probe  
  42  3:39  Assimilator x2  
  45  3:44  Probe  
  45  3:46  Robotics Bay  
  46  3:50  Probe  
  46  3:52  Pylon  
  47  3:58  Probe  
  47  4:00  Forge  
  47  4:01  Observer  
  47  4:02  Probe  
  50  4:10  Probe  
  50  4:14  Probe  
  52  4:18  Stalker x3  
  52  4:23  Pylon  
  58  4:26  Probe  
  58  4:27  Probe  
  58  4:31  Colossus  
  60  4:32  Protoss Ground Weapons Level 1  
  66  4:53  Pylon  
  66  4:55  Observer  
  66  4:57  Nexus  
  66  5:01  Extended Thermal Lance  
  66  5:07  Colossus  
  66  5:22  Probe x2  
  66  5:25  Pylon, Sentry  
  76  5:32  Gateway  
  76  5:33  Gateway  
  76  5:34  Gateway  
  76  5:40  Sentry  
  76  5:41  Observer  
  78  5:43  Pylon  
  78  5:44  Zealot  
  78  5:48  Twilight Council  
  80  5:50  Colossus  
  80  5:53  Probe x2  
  82  6:02  Shield Battery  
  88  6:14  Zealot x3  
  88  6:15  Probe x2  
  88  6:16  Charge  
  88  6:17  Probe  
  97  6:24  Pylon  
  97  6:32  Zealot x2  
  97  6:38  Probe x3  
  104  6:41  Protoss Ground Armor Level 1  
  104  6:43  Pylon  
  104  6:45  Templar Archives  
  104  6:53  Probe x2  
  104  6:54  Probe  
  107  6:56  Colossus  
  113  7:03  Pylon  
  113  7:04  Photon Cannon  
  113  7:05  Pylon  
  113  7:06  Stalker  
  115  7:09  Stalker  
  115  7:14  Zealot x2  
  121  7:17  Observer  
  121  7:20  Zealot x2  
  123  7:31  Zealot  
  123  7:36  Zealot  
  123  7:37  Zealot x2  
  125  7:40  Colossus  
  125  7:43  Gateway x2  
  125  7:44  Gateway  
  125  7:46  High Templar x2  
  129  7:53  Archon  
  129  7:56  Zealot  
  133  7:58  Zealot x2  
  133  8:02  Pylon x2  
  133  8:03  Pylon  
  135  8:18  Gateway  
  135  8:20  Zealot x3  
  135  8:22  Gateway  
  135  8:23  Immortal  
  143  8:37  High Templar x2  
  143  8:43  Archon  
  143  8:44  Zealot x4  
  109  9:04  Stalker x3  
  109  9:05  Stalker  
Show
View Real Time Build Order
Export as new Build Order

LiquidTaeJa Terran 

Build Orders: Reaper Expand 

Get SALT Encoding   

  12  0:00  SCV  
  13  0:13  SCV  
  14  0:17  Supply Depot  
  14  0:25  SCV  
  15  0:38  SCV  
  15  0:40  Barracks  
  16  0:44  Refinery  
  16  0:50  SCV  
  17  1:02  SCV  
  18  1:15  SCV  
  19  1:27  Orbital Command  
  19  1:28  Reaper  
  20  1:45  Command Center  
  20  1:52  SCV  
  21  1:57  Supply Depot  
  21  1:59  Marine  
  22  2:04  SCV  
  23  2:11  Factory  
  23  2:17  Refinery  
  23  2:19  SCV  
  23  2:22  Barracks Reactor  
  24  2:31  SCV  
  25  2:43  SCV  
  26  2:50  Bunker  
  26  2:55  Starport, SCV  
  29  3:00  Orbital Command  
  29  3:04  Marine  
  29  3:05  Marine  
  31  3:08  SCV  
  31  3:09  Widow Mine  
  32  3:20  SCV  
  32  3:21  Marine  
  32  3:22  Marine  
  35  3:28  SCV  
  35  3:31  Widow Mine  
  35  3:32  Medivac, SCV  
  35  3:34  Barracks  
  40  3:40  Supply Depot  
  40  3:41  SCV  
  40  3:44  SCV  
  40  3:47  Marine  
  40  3:48  Marine  
  44  3:53  Factory Tech Lab, SCV  
  45  3:56  SCV  
  45  3:59  Barracks  
  46  4:05  SCV  
  46  4:06  Marine x2  
  46  4:08  SCV  
  50  4:10  Supply Depot  
  50  4:16  Raven  
  50  4:17  Factory Tech Lab, SCV  
  52  4:21  Refinery, SCV  
  54  4:27  Supply Depot  
  54  4:28  Barracks Tech Lab  
  54  4:32  Marine x2, SCV  
  54  4:33  SCV  
  54  4:37  Supply Depot  
  58  4:41  Engineering Bay  
  58  4:44  Siege Tank  
  58  4:45  SCV  
  62  4:49  SCV  
  62  4:50  Supply Depot  
  62  4:51  Stimpack  
  63  4:53  Marine  
  63  4:54  Marine  
  63  4:58  Marauder  
  67  5:02  SCV x2  
  67  5:06  Starport Reactor  
  69  5:12  Marine  
  70  5:15  Terran Infantry Weapons Level 1  
  70  5:17  Refinery  
  70  5:18  Supply Depot  
  70  5:20  Marauder x2  
  74  5:25  Marine  
  74  5:27  SCV x2  
  77  5:30  Marine  
  77  5:34  Barracks  
  77  5:35  Barracks  
  78  5:37  Combat Shield  
  78  5:43  Supply Depot  
  78  5:44  Marauder x2  
  78  5:45  Marine  
  78  5:47  Marine  
  84  5:52  Siege Tank  
  84  5:55  SCV x2  
  89  6:03  Medivac  
  89  6:04  Marine  
  91  6:05  Supply Depot  
  91  6:07  Marauder  
  94  6:11  Medivac  
  94  6:14  Marine  
  97  6:21  Marine  
  97  6:22  Marine x2  
  97  6:23  Marauder, Supply Depot  
  102  6:31  Marauder  
  102  6:32  Marine, Siege Tank  
  108  6:36  Medivac  
  110  6:41  Supply Depot  
  110  6:44  Marine x3  
  115  6:47  Marauder, Supply Depot  
  115  6:56  Marine, Marauder  
  115  6:59  Concussive Shells  
  118  7:02  Marine x3  
  118  7:06  Siege Tank  
  118  7:07  Marine  
  125  7:09  Medivac  
  125  7:14  Marine  
  128  7:20  Marine  
  128  7:21  Marine x2, Marauder  
  133  7:25  Marine  
  128  7:31  Marine  
  129  7:38  Marine x2, Siege Tank  
  134  7:57  Marauder  
  134  7:59  Marauder  
  134  8:00  Marine x4  
  119  8:18  Marine x4  
  119  8:19  Marauder  
  71  8:20  Marauder, Medivac  
  127  8:39  Marine x2  
  127  8:40  Marauder  
  127  8:41  Marauder  
Tags
 
Add a new tag
Caveats
  • Supply blocks, unpowered buildings, or Contaminate may cause inaccurate times.
  • Supply counts are checked every 10 seconds.